 Dungeon Crawl Stone Soup version 0.19.5 (webtiles) character file.

49 lauthentik the Grave Robber (level 3, -1/28 HPs)
             Began as a Deep Dwarf Necromancer on Apr 17, 2017.
             Slain by dittoslash's ghost (6 damage)
             ... on level 3 of the Dungeon.
             The game lasted 00:04:51 (1397 turns).

lauthentik the Grave Robber (DDNe)                  Turns: 1397, Time: 00:04:52

Health: -1/28      AC:  2    Str: 11    XL:     3   Next: 53%
Magic:  6/15       EV: 12    Int: 16    God:
Gold:   71         SH:  3    Dex: 13    Spells: 2 memorised, 2 levels left

rFire  . . .     SeeInvis .     j - +0 hand axe (flame)
rCold  . . .     Gourm    .     a - +0 robe
rNeg   . . .     Faith    .     u - +0 buckler (curse)
rPois  .         Spirit   .     (no helmet)
rElec  .         Reflect  .     (no cloak)
rCorr  .         Harm     .     (no gloves)
MR     .....                    (no boots)
Stlth  +.........               (no amulet)
                                (no ring)
                                q - ring of magical power

@: non-regenerating, glowing
A: damage resistance, recharge devices, sense surroundings 1, slow regeneration
3
a: Device Recharging


You were on level 3 of the Dungeon.
You were very hungry.

You visited 1 branch of the dungeon, and saw 3 of its levels.

You collected 71 gold pieces.

Inventory:

Hand Weapons
 g - a +0 mace
 j - a +0 hand axe of flaming (weapon)
Armour
 a - a +0 robe (worn)
 u - a cursed +0 buckler (worn)
Jewellery
 q - a ring of magical power (left hand)
Wands
 c - a wand of heal wounds (5/9)
Scrolls
 m - a scroll of enchant weapon {unknown}
 n - a scroll of amnesia {unknown}
 p - a scroll of blinking {unknown}
 r - a scroll of identify {unknown}
 s - a scroll of remove curse {unknown}
Potions
 e - a potion of magic {unknown}
 f - 2 potions of cure mutation {unknown}
 h - a potion of brilliance {unknown}
 i - 2 potions of experience {unknown}
 k - a potion of curing {unknown}
 l - 2 potions of agility {unknown}
 t - a potion of invisibility {unknown}
Books
 b - a book of Necromancy

   Spells                             Type                      Level
   a - Pain                           Necromancy                   1
   b - Animate Skeleton               Necromancy                   1
   c - Vampiric Draining              Necromancy                   3
   d - Regeneration                   Charms/Necromancy            3
   e - Animate Dead                   Necromancy                   4
   f - Control Undead                 Necromancy                   4
Comestibles
 d - 2 bread rations
 o - a beef jerky


   Skills:
 + Level 0.7(0.8) Axes
 + Level 0.2(0.4) Maces & Flails
 + Level 2.5 Dodging
 + Level 2.5 Stealth
 + Level 2.2 Spellcasting
 + Level 5.1 Necromancy


You had 2 spell levels left.
You knew the following spells:

 Your Spells              Type           Power        Failure   Level  Hunger
a - Pain                  Necr           ###.         4%          1    #......
b - Vampiric Draining     Necr           ###.......   14%         3    ###....


Dungeon Overview and Level Annotations

Branches:
Dungeon (3/15)

Altars:

Annotations:
D:3 dittoslash's ghost, weakling SpEn


Innate Abilities, Weirdness & Mutations

You are resistant to damage.
You can recharge devices by infusing magical energy.
You passively map a small area around you.
You do not regenerate.


Message History

Found 17 gold pieces and a pair of gloves.
Okay, then.
Found 7 gold pieces and 29 stones.
You catch the helpless dittoslash's ghost completely off-guard!
You hit dittoslash's ghost but do no damage.
You are feeling very hungry.
Dittoslash's ghost casts a spell at you.
You resist with some effort. Dittoslash's ghost misses you.
You miss dittoslash's ghost. Dittoslash's ghost closely misses you.
You miss dittoslash's ghost. Dittoslash's ghost hits you!
You closely miss dittoslash's ghost. Dittoslash's ghost closely misses you.
You hit dittoslash's ghost but do no damage.
Dittoslash's ghost casts a spell at you.
You are outlined in light.
Dittoslash's ghost closely misses you.
You miss dittoslash's ghost. Dittoslash's ghost hits you.
* * * LOW HITPOINT WARNING * * *
You hit dittoslash's ghost. You burn dittoslash's ghost.
Dittoslash's ghost is lightly damaged.
Dittoslash's ghost hits you!
You die...

.......#...##### ###.##
.........<.## #...##
..........#########.#...
(.....................##
........#####....######
,........# #.####
........# #.# $.....>.#
###.# ######@# #...#
#.W###.### #......#
*#..###### , * [.$.# , *
...## * , .... , ,,* *
### * * , * * *


You could see dittoslash's ghost.

Vanquished Creatures
  An ooze (D:2)
  2 worms
  A dart slug (D:1)
  A ball python (D:1)
  A giant cockroach (D:2)
  2 goblins (D:1)
  8 hobgoblins
  4 jackals (D:2)
  4 kobolds
  2 quokkas (D:2)
  A bat (D:2)
  5 frilled lizards
  2 rats
34 creatures vanquished.

Notes
Turn   | Place    | Note
-------+----------+-------------------------------------------
     0 | D:1      | lauthentik the Deep Dwarf Necromancer began the quest for the Orb.
     0 | D:1      | Reached XP level 1. HP: 15/15 MP: 3/3
   268 | D:1      | Reached XP level 2. HP: 16/22 MP: 1/4
   808 | D:2      | Reached XP level 3. HP: 11/28 MP: 6/6
   809 | D:2      | Reached skill level 5 in Necromancy
   940 | D:2      | Learned a level 3 spell: Vampiric Draining
  1387 | D:3      | Noticed dittoslash's ghost (weakling SpEn)
  1397 | D:3      | Slain by dittoslash's ghost

Skill      XL: |  1  2  3 |
---------------+----------+-----
Spellcasting   | 2 |  2.2
Necromancy     | 5 |  5.1
Axes           | |  0.7
Maces & Flails | |  0.2
Dodging        | |  2.5
Stealth        | |  2.5

Action                   || total
-------------------------++-------
Melee: Unarmed           ||     6
       Hand axe          ||    34
       Mace              ||     1
 Cast: Pain              ||    57
       Vampiric Draining ||     4
 Stab: Distracted        ||     1
  Eat: Chunk             ||     2
Armor: Robe              ||     8
Dodge: Dodged            ||    33
